Flyers vs Kings

Created - January-13-14 at 18:08

Goals
1 2 3 T
Flyers 2 4 0 6
Kings 0 3 0 3
Shots
1 2 3 T
Flyers 11 11 6 28
Kings 6 18 17 41

1st period

1. Flyers , Jack Skille 3 (Joni Pitkanen) at 1:04
2. Flyers , Dany Heatley 19 (Justin Williams, Anton Volchenkov) at 18:22

Penalties :
Vyacheslav Voynov (LOS) for Interference (Minor) at 4:39, Ryan Smyth (LOS) for Interference (Minor) at 9:46, Dany Heatley (PHI) for Interference (Minor) at 9:46

2nd period

3. Kings , Daniel Alfredsson 14 (Ryan Smyth, Jamie McBain) at 4:14
4. Flyers , Marc-Andre Bergeron 4 (Justin Williams, Carlo Colaiacovo) at 6:40
5. Flyers , Dany Heatley 20 (Kyle Brodziak, Justin Williams) at 10:10
6. Kings , Tobias Enstrom 13 (Joe Corvo) at 11:55 (PP)
7. Flyers , Joni Pitkanen 11 (Kyle Okposo, Kevin Bieksa) at 14:42 (PP)
8. Flyers , Gabriel Bourque 17 (Anton Volchenkov, Kyle Okposo) at 15:46
9. Kings , Justin Faulk 4 (Wojtek Wolski) at 17:04

Penalties :
Kevin Bieksa (PHI) for Cross-checking (Minor) at 0:07, Kevin Bieksa (PHI) for Hooking (Minor) at 4:21, Carlo Colaiacovo (PHI) for Slashing (Minor) at 10:43, Tobias Enstrom (LOS) for Interference (Minor) at 13:55

3rd period

No Goal

Penalties :
Mark Stuart (PHI) for Slashing (Minor) at 5:58, Kyle Okposo (PHI) for Cross-checking (Minor) at 13:17, Mark Stuart (PHI) for Holding (Minor) at 17:32

Goalie Stats

Devan Dubnyk (PHI), 38 saves from 41 shots - (0.927), W, 19-15-3, 60:00 minutes
Jacob Markstrom (LOS), 13 saves from 18 shots - (0.722), L, 6-7-4, 34:42 minutes
Steve Mason (LOS), 9 saves from 10 shots - (0.900), 25:18 minutes

Players Stats for Flyers

Player Name              G  A  P  +/- PIM S  H  SB GA TA FO     MP     PP MP  PK MP  
------------------------------------------------------------------------------------
Anton Volchenkov         0  2  2   1  0   2  1  4  0  0  0/0    22:43   0:50   4:29 
Antti Miettinen          0  0  0   0  0   0  1  0  0  0  0/0     6:42   0:00   0:00 
Carlo Colaiacovo         0  1  1   1  2   0  1  1  0  0  0/0    12:26   0:00   3:45 
Dainius Zubrus           0  0  0   1  0   1  0  0  0  0  0/1    10:41   0:48   4:04 
Dany Heatley             2  0  2   3  2   5  0  0  0  0  3/5    20:55   1:58   2:59 
David Steckel            0  0  0   1  0   1  0  0  0  0  6/7     5:49   0:00   0:00 
Eric Belanger            0  0  0   0  0   0  0  1  0  0  11/26  13:45   0:00   7:03 
Gabriel Bourque          1  0  1  -1  0   5  2  0  0  0  0/1    19:09   0:48   0:44 
Jack Skille              1  0  1   1  0   3  2  0  0  0  0/0     5:49   0:00   0:00 
Joni Pitkanen            1  1  2   1  0   2  0  3  0  0  0/0    27:41   1:56   6:38 
Justin Williams          0  3  3   3  0   2  1  0  0  0  1/1    17:57   1:58   0:00 
Kevin Bieksa             0  1  1   1  4   0  3  3  0  0  0/0    24:24   1:56   3:23 
Kyle Brodziak            0  1  1   3  0   4  2  0  0  0  16/27  17:57   1:58   0:00 
Kyle Okposo              0  2  2  -1  2   1  1  0  0  0  3/5    18:24   0:48   0:00 
Marc-Andre Bergeron      1  0  1   1  0   1  0  0  0  0  0/0    11:15   0:50   0:49 
Mark Stuart              0  0  0   1  4   1  5  1  0  0  0/0    21:26   0:00   3:10 
R.J. Umberger            0  0  0   0  0   0  1  0  0  0  1/2    14:02   0:00   7:24 
Todd Bertuzzi            0  0  0  -1  0   0  0  0  0  0  9/19   15:42   0:00   0:00 

Players Stats for Kings

Player Name              G  A  P  +/- PIM S  H  SB GA TA FO     MP     PP MP  PK MP  
------------------------------------------------------------------------------------
Daniel Alfredsson        1  0  1   0  0   11 0  0  0  0  0/0    22:35   8:55   0:59 
Dustin Penner            0  0  0  -2  0   1  3  0  0  0  1/2     9:50   0:00   0:00 
Guillaume Latendresse    0  0  0  -2  0   1  0  0  0  0  0/0    14:41   5:03   0:30 
Jamie McBain             0  1  1  -3  0   0  0  0  0  0  0/0    10:35   0:00   0:00 
Joe Corvo                0  1  1  -1  0   3  2  2  0  0  0/0    15:22   2:07   1:16 
Justin Faulk             1  0  1   1  0   1  1  0  0  0  0/0    18:23   0:00   1:22 
Matt Hendricks           0  0  0  -2  0   0  1  0  0  0  0/0     9:08   0:00   0:00 
Michael Frolik           0  0  0  -2  0   2  0  0  0  0  1/3    16:30   5:03   0:59 
Michal Handzus           0  0  0  -2  0   1  0  0  0  0  5/11    9:18   0:00   0:10 
Mike Richards            0  0  0   1  0   2  5  1  0  0  1/1    21:49   6:04   1:17 
Mikhail Grabovski        0  0  0  -2  0   5  0  0  0  0  7/18   14:53   5:03   0:00 
Nail Yakupov             0  0  0   1  0   2  0  0  0  0  1/6    21:58   6:31   1:37 
Robyn Regehr             0  0  0  -3  0   2  3  0  0  0  0/0    18:31   0:00   1:06 
Ryan Nugent-Hopkins      0  0  0   0  0   6  2  0  0  0  19/31  18:45   6:04   0:00 
Ryan Smyth               0  1  1   0  2   1  2  1  0  0  1/2    11:19   0:00   0:00 
Tobias Enstrom           1  0  1  -1  2   2  0  3  0  0  0/0    24:33   5:02   1:01 
Vyacheslav Voynov        0  0  0   1  2   1  3  1  0  0  0/0    23:04   5:35   0:47 
Wojtek Wolski            0  1  1   1  0   0  0  0  0  0  8/20   13:58   0:08   0:00 

3 Stars

1 - Justin Williams (PHI)
2 - Dany Heatley (PHI)
3 - Joni Pitkanen (PHI)

Power Play

Flyers - 1 on 2 Attempt(s) - 50.00%
Kings - 1 on 6 Attempt(s) - 16.67%

Penalty Kill

Flyers - 5 on 6 Attempt(s) - 83.33% - Score 0 goal in Penalty Kill
Kings - 1 on 2 Attempt(s) - 50.00% - Score 0 goal in Penalty Kill

Official

Referees : Gord Dwyer and Francois StLaurent
Linesman : Brian Murphy and Kiel Murchison

Game Notes

Steve Mason enters game at 14:42 of 2nd period

Finance

Level 1 -- Attendance: 6291 (96.78%) -- Ticket Income $440,370
Level 2 -- Attendance: 5000 (100.00%) -- Ticket Income $310,000
Level 3 -- Attendance: 3374 (96.40%) -- Ticket Income $121,464
Level 4 -- Attendance: 2118 (100.00%) -- Ticket Income $67,776
Luxury Box -- Attendance: 1000 (100.00%) -- Ticket Income $184,000
Game was played at the Staples Center
Total Attendance: 17783 (98.15%)
Total Ticket Income: $1,123,610
Other Income: $168,542
Total Income: $1,292,152


% Time on Ice - Flyers

Lines # - Real PCT - Wanted PCT - Time Play
Normal Forward
1 - 36% - 40% - 15:59
2 - 36% - 40% - 15:42
3 - 13% - 10% - 5:49
4 - 15% - 10% - 6:38
Normal Defense
1 - 40% - 55% - 17:44
2 - 40% - 40% - 17:42
3 - 20% - 5% - 8:42
4 - 0% - 0% - 0:00
PP Forward
1 - 71% - 60% - 1:58
2 - 29% - 40% - 0:48
PP Defense
1 - 70% - 60% - 1:56
2 - 30% - 40% - 0:50
PK Forward
1 - 73% - 60% - 8:08
2 - 27% - 40% - 2:59
PK Defense
1 - 65% - 60% - 7:12
2 - 35% - 40% - 3:55
PK3 Forward
1 - 0% - 60%
2 - 0% - 40%
PK3 Defense
1 - 0% - 60%
2 - 0% - 40%
44 Forward
1 - 100% - 60% - 1:59
2 - 0% - 40% - 0:00
44 Defense
1 - 70% - 60% - 1:23
2 - 30% - 40% - 0:36
Last Minute Offensive  - 0:00
Last Minute Defensive  - 0:00
Total
Forward - 60:00
Defense - 60:00

% Time on Ice - Kings

Lines # - Real PCT - Wanted PCT - Time Play
Normal Forward
1 - 31% - 35% - 13:50
2 - 26% - 30% - 11:20
3 - 22% - 20% - 9:50
4 - 21% - 15% - 9:08
Normal Defense
1 - 37% - 33% - 16:23
2 - 25% - 28% - 10:58
3 - 24% - 20% - 10:35
4 - 14% - 19% - 6:12
PP Forward
1 - 55% - 55% - 6:04
2 - 45% - 45% - 5:03
PP Defense
1 - 50% - 55% - 5:32
2 - 50% - 45% - 5:35
PK Forward
1 - 64% - 55% - 1:47
2 - 36% - 45% - 0:59
PK Defense
1 - 67% - 55% - 1:52
2 - 33% - 45% - 0:54
PK3 Forward
1 - 0% - 55%
2 - 0% - 45%
PK3 Defense
1 - 0% - 55%
2 - 0% - 45%
44 Forward
1 - 32% - 50% - 0:38
2 - 68% - 50% - 1:21
44 Defense
1 - 32% - 50% - 0:38
2 - 68% - 50% - 1:21
Last Minute Offensive  - 0:00
Last Minute Defensive  - 0:00
Total
Forward - 60:00
Defense - 60:00

Play by Play

1st period


0:01 of 1st period - Wojtek Wolski wins face-off versus Kyle Brodziak in neutral zone.
0:14 of 1st period - Shot by Nail Yakupov.
0:14 of 1st period - Stopped by Devan Dubnyk without a rebound.
0:15 of 1st period - Todd Bertuzzi wins face-off versus Ryan Nugent-Hopkins in Flyers zone.
0:15 of 1st period - Todd Bertuzzi is hit by Ryan Smyth.
0:33 of 1st period - Off-side.
0:34 of 1st period - David Steckel wins face-off versus Mikhail Grabovski in neutral zone.
0:50 of 1st period - Joni Pitkanen is hit by Dustin Penner and loses puck.
0:55 of 1st period - Michael Frolik is hit by Jack Skille and loses puck.
1:04 of 1st period - Shot by Jack Skille.
1:04 of 1st period - The goal is going for a video replay.
1:04 of 1st period - The goal is good.
1:04 of 1st period - Goal by Jack Skille - Flyers : 1 - Kings : 0.
1:05 of 1st period - Kyle Brodziak wins face-off versus Michal Handzus in neutral zone.
1:10 of 1st period - Shot by Dany Heatley.
1:10 of 1st period - Shot Misses the Net.
1:16 of 1st period - Anton Volchenkov is hit by Matt Hendricks and loses puck.
1:54 of 1st period - Icing by Mark Stuart.
1:55 of 1st period - Kyle Brodziak wins face-off versus Wojtek Wolski in Flyers zone.
2:09 of 1st period - Off-side.
2:10 of 1st period - Ryan Nugent-Hopkins wins face-off versus Todd Bertuzzi in neutral zone.
2:21 of 1st period - Icing by Ryan Smyth.
2:22 of 1st period - Ryan Nugent-Hopkins wins face-off versus Eric Belanger in Kings zone.
2:35 of 1st period - Shot by Ryan Nugent-Hopkins.
2:35 of 1st period - Shot Blocked by Eric Belanger.
2:37 of 1st period - Shot by Joe Corvo.
2:37 of 1st period - Shot Misses the Net.
2:39 of 1st period - Shot by Ryan Smyth.
2:39 of 1st period - Shot Blocked by Carlo Colaiacovo.
2:45 of 1st period - Shot by Ryan Smyth.
2:45 of 1st period - Shot Misses the Net.
2:47 of 1st period - Shot by Tobias Enstrom.
2:47 of 1st period - Shot Misses the Net.
2:49 of 1st period - Shot by Ryan Nugent-Hopkins.
2:49 of 1st period - Stopped by Devan Dubnyk without a rebound.
2:50 of 1st period - Todd Bertuzzi wins face-off versus Wojtek Wolski in Flyers zone.
3:42 of 1st period - Icing by Jamie McBain.
3:43 of 1st period - Dany Heatley wins face-off versus Wojtek Wolski in Kings zone.
4:02 of 1st period - Shot by Kyle Brodziak.
4:02 of 1st period - Stopped by Jacob Markstrom without a rebound.
4:03 of 1st period - Mikhail Grabovski wins face-off versus Eric Belanger in Kings zone.
4:39 of 1st period - Minor Penalty to Vyacheslav Voynov for Interference.
4:40 of 1st period - Nail Yakupov wins face-off versus Kyle Brodziak in Kings zone.
5:20 of 1st period - Shot by Michael Frolik.
5:20 of 1st period - Deflect By Daniel Alfredsson.
5:20 of 1st period - Shot Misses the Net.
5:22 of 1st period - Shot by Justin Faulk.
5:22 of 1st period - Deflect By Daniel Alfredsson.
5:22 of 1st period - Shot Misses the Net.
5:42 of 1st period - Robyn Regehr is hit by Justin Williams.
6:26 of 1st period - Shot by Kyle Okposo.
6:26 of 1st period - Deflect By Dainius Zubrus.
6:26 of 1st period - Stopped by Jacob Markstrom without a rebound.
6:27 of 1st period - Michael Frolik wins face-off versus Kyle Okposo in Kings zone.
6:54 of 1st period - Daniel Alfredsson is hit by R.J. Umberger and loses puck.
6:59 of 1st period - Shot by Mark Stuart.
6:59 of 1st period - Shot Blocked by Ryan Smyth.
7:07 of 1st period - Shot by R.J. Umberger.
7:07 of 1st period - Shot Misses the Net.
7:09 of 1st period - Shot by Mark Stuart.
7:09 of 1st period - Stopped by Jacob Markstrom without a rebound.
7:10 of 1st period - Michal Handzus wins face-off versus Todd Bertuzzi in Kings zone.
8:20 of 1st period - Shot by Mikhail Grabovski.
8:20 of 1st period - Shot Misses the Net.
8:22 of 1st period - Shot by Mikhail Grabovski.
8:22 of 1st period - Shot Blocked by Kevin Bieksa.
8:24 of 1st period - Shot by Dustin Penner.
8:24 of 1st period - Deflect By Mikhail Grabovski.
8:24 of 1st period - Shot Hit the Post.
8:41 of 1st period - Icing by Joni Pitkanen.
8:42 of 1st period - David Steckel wins face-off versus Wojtek Wolski in Flyers zone.
9:36 of 1st period - Anton Volchenkov is hit by Mike Richards and loses puck.
9:46 of 1st period - Minor Penalty to Ryan Smyth for Interference.
9:46 of 1st period - Minor Penalty to Dany Heatley for Interference.
9:47 of 1st period - Kyle Okposo wins face-off versus Ryan Nugent-Hopkins in neutral zone.
9:50 of 1st period - Shot by Anton Volchenkov.
9:50 of 1st period - Stopped by Jacob Markstrom with a rebound.
10:18 of 1st period - Shot by Ryan Nugent-Hopkins.
10:18 of 1st period - Deflect By Daniel Alfredsson.
10:18 of 1st period - Stopped by Devan Dubnyk without a rebound.
10:19 of 1st period - Mike Richards wins face-off versus Kyle Okposo in Flyers zone.
10:44 of 1st period - Shot by Joni Pitkanen.
10:44 of 1st period - Stopped by Jacob Markstrom without a rebound.
10:45 of 1st period - Kyle Okposo wins face-off versus Ryan Nugent-Hopkins in Kings zone.
10:48 of 1st period - Shot by Gabriel Bourque.
10:48 of 1st period - Stopped by Jacob Markstrom with a rebound.
11:05 of 1st period - Shot by Ryan Nugent-Hopkins.
11:05 of 1st period - Shot Misses the Net.
11:07 of 1st period - Shot by Ryan Nugent-Hopkins.
11:07 of 1st period - Shot Hit the Post.
11:23 of 1st period - Shot by Ryan Nugent-Hopkins.
11:23 of 1st period - Stopped by Devan Dubnyk with a rebound.
11:46 of 1st period - Icing by Robyn Regehr.
11:47 of 1st period - Michal Handzus wins face-off versus Kyle Brodziak in Kings zone.
12:00 of 1st period - Shot by Guillaume Latendresse.
12:00 of 1st period - Stopped by Devan Dubnyk without a rebound.
12:01 of 1st period - Eric Belanger wins face-off versus Michael Frolik in Flyers zone.
12:26 of 1st period - Shot by R.J. Umberger.
12:26 of 1st period - Shot Misses the Net.
13:29 of 1st period - Shot by Justin Williams.
13:29 of 1st period - Shot Misses the Net.
13:31 of 1st period - Shot by Justin Williams.
13:31 of 1st period - Stopped by Jacob Markstrom without a rebound.
13:32 of 1st period - David Steckel wins face-off versus Ryan Nugent-Hopkins in Kings zone.
14:04 of 1st period - Tobias Enstrom is hit by Jack Skille and loses puck.
15:18 of 1st period - Icing by Joe Corvo.
15:19 of 1st period - Eric Belanger wins face-off versus Wojtek Wolski in Kings zone.
15:26 of 1st period - Shot by Antti Miettinen.
15:26 of 1st period - Shot Misses the Net.
15:29 of 1st period - Icing by Justin Faulk.
15:30 of 1st period - Kyle Brodziak wins face-off versus Wojtek Wolski in Kings zone.
15:30 of 1st period - Justin Williams is hit by Justin Faulk.
15:33 of 1st period - Icing by Joe Corvo.
15:34 of 1st period - Todd Bertuzzi wins face-off versus Nail Yakupov in Kings zone.
16:07 of 1st period - Shot by Kyle Okposo.
16:07 of 1st period - Stopped by Jacob Markstrom without a rebound.
16:08 of 1st period - Kyle Brodziak wins face-off versus Michal Handzus in Kings zone.
16:17 of 1st period - Shot by Kyle Brodziak.
16:17 of 1st period - Shot Misses the Net.
16:36 of 1st period - Guillaume Latendresse is hit by Mark Stuart and loses puck.
16:43 of 1st period - Shot by Matt Hendricks.
16:43 of 1st period - Shot Misses the Net.
16:52 of 1st period - Off-side.
16:53 of 1st period - Wojtek Wolski wins face-off versus Gabriel Bourque in neutral zone.
16:56 of 1st period - Todd Bertuzzi is hit by Mike Richards.
17:04 of 1st period - Shot by Kevin Bieksa.
17:04 of 1st period - Shot Misses the Net.
18:12 of 1st period - Shot by Ryan Smyth.
18:12 of 1st period - Stopped by Devan Dubnyk without a rebound.
18:13 of 1st period - Justin Williams wins face-off versus Mikhail Grabovski in Flyers zone.
18:22 of 1st period - Shot by Justin Williams.
18:22 of 1st period - Deflect By Dany Heatley.
18:22 of 1st period - Goal by Dany Heatley - Flyers : 2 - Kings : 0.
18:23 of 1st period - Kyle Brodziak wins face-off versus Michal Handzus in neutral zone.
18:34 of 1st period - Shot by Dany Heatley.
18:34 of 1st period - Stopped by Jacob Markstrom without a rebound.
18:35 of 1st period - Ryan Smyth wins face-off versus David Steckel in Kings zone.
Goals for this period are 2 for Flyers vs 0 for Kings.
Shots for this period are 11 for Flyers vs 6 for Kings.

2nd period


0:01 of 2nd period - Wojtek Wolski wins face-off versus Todd Bertuzzi in neutral zone.
0:07 of 2nd period - Minor Penalty to Kevin Bieksa for Cross-checking.
0:08 of 2nd period - Ryan Nugent-Hopkins wins face-off versus Eric Belanger in Flyers zone.
0:09 of 2nd period - Shot by Tobias Enstrom.
0:09 of 2nd period - Shot Misses the Net.
0:11 of 2nd period - Shot by Mike Richards.
0:11 of 2nd period - Shot Blocked by Joni Pitkanen.
0:13 of 2nd period - Shot by Tobias Enstrom.
0:13 of 2nd period - Shot Misses the Net.
0:15 of 2nd period - Shot by Ryan Nugent-Hopkins.
0:15 of 2nd period - Shot Misses the Net.
0:17 of 2nd period - Shot by Nail Yakupov.
0:17 of 2nd period - Shot Misses the Net.
0:19 of 2nd period - Shot by Daniel Alfredsson.
0:19 of 2nd period - Stopped by Devan Dubnyk without a rebound.
0:20 of 2nd period - Eric Belanger wins face-off versus Mikhail Grabovski in Flyers zone.
0:36 of 2nd period - Icing by Tobias Enstrom.
0:37 of 2nd period - Mikhail Grabovski wins face-off versus Eric Belanger in Kings zone.
1:21 of 2nd period - Shot by Vyacheslav Voynov.
1:21 of 2nd period - Shot Misses the Net.
1:23 of 2nd period - Shot by Ryan Nugent-Hopkins.
1:23 of 2nd period - Deflect By Mike Richards.
1:23 of 2nd period - Stopped by Devan Dubnyk without a rebound.
1:24 of 2nd period - Ryan Nugent-Hopkins wins face-off versus Dany Heatley in Flyers zone.
2:25 of 2nd period - Shot by Michal Handzus.
2:25 of 2nd period - Stopped by Devan Dubnyk with a rebound.
2:27 of 2nd period - Shot by Robyn Regehr.
2:27 of 2nd period - Stopped by Devan Dubnyk without a rebound.
2:28 of 2nd period - Kyle Brodziak wins face-off versus Dustin Penner in Flyers zone.
2:28 of 2nd period - Kyle Brodziak is hit by Dustin Penner.
3:19 of 2nd period - Shot by Vyacheslav Voynov.
3:19 of 2nd period - Stopped by Devan Dubnyk with a rebound.
3:25 of 2nd period - Shot by Nail Yakupov.
3:25 of 2nd period - Shot Blocked by Anton Volchenkov.
4:05 of 2nd period - Icing by Kyle Okposo.
4:06 of 2nd period - Ryan Nugent-Hopkins wins face-off versus Todd Bertuzzi in Flyers zone.
4:12 of 2nd period - Shot by Ryan Smyth.
4:12 of 2nd period - Shot Misses the Net.
4:14 of 2nd period - Shot by Daniel Alfredsson.
4:14 of 2nd period - Goal by Daniel Alfredsson - Flyers : 2 - Kings : 1.
4:15 of 2nd period - Ryan Nugent-Hopkins wins face-off versus R.J. Umberger in neutral zone.
4:21 of 2nd period - Minor Penalty to Kevin Bieksa for Hooking.
4:22 of 2nd period - Eric Belanger wins face-off versus Mikhail Grabovski in Flyers zone.
4:43 of 2nd period - Shot by Daniel Alfredsson.
4:43 of 2nd period - Shot Misses the Net.
4:45 of 2nd period - Shot by Daniel Alfredsson.
4:45 of 2nd period - Stopped by Devan Dubnyk without a rebound.
4:46 of 2nd period - Ryan Nugent-Hopkins wins face-off versus Eric Belanger in Flyers zone.
4:47 of 2nd period - Shot by Vyacheslav Voynov.
4:47 of 2nd period - Shot Blocked by Joni Pitkanen.
5:05 of 2nd period - Shot by Vyacheslav Voynov.
5:05 of 2nd period - Shot Blocked by Anton Volchenkov.
5:27 of 2nd period - Eric Belanger is hit by Ryan Nugent-Hopkins and loses puck.
6:01 of 2nd period - Icing by Guillaume Latendresse.
6:02 of 2nd period - Eric Belanger wins face-off versus Mikhail Grabovski in Kings zone.
6:22 of 2nd period - Shot by Mikhail Grabovski.
6:22 of 2nd period - Stopped by Devan Dubnyk without a rebound.
6:23 of 2nd period - Kyle Brodziak wins face-off versus Michal Handzus in Flyers zone.
6:38 of 2nd period - Shot by Justin Williams.
6:38 of 2nd period - Shot Misses the Net.
6:40 of 2nd period - Shot by Marc-Andre Bergeron.
6:40 of 2nd period - Goal by Marc-Andre Bergeron - Flyers : 3 - Kings : 1.
6:41 of 2nd period - Mikhail Grabovski wins face-off versus Todd Bertuzzi in neutral zone.
7:22 of 2nd period - Shot by Mikhail Grabovski.
7:22 of 2nd period - Stopped by Devan Dubnyk without a rebound.
7:23 of 2nd period - Kyle Brodziak wins face-off versus Wojtek Wolski in Flyers zone.
7:35 of 2nd period - Off-side.
7:36 of 2nd period - Ryan Nugent-Hopkins wins face-off versus Eric Belanger in neutral zone.
7:36 of 2nd period - Ryan Nugent-Hopkins is hit by Antti Miettinen.
7:51 of 2nd period - Shot by Ryan Nugent-Hopkins.
7:51 of 2nd period - Shot Misses the Net.
8:19 of 2nd period - Shot by Ryan Nugent-Hopkins.
8:19 of 2nd period - Stopped by Devan Dubnyk with a rebound.
8:30 of 2nd period - Mark Stuart is hit by Mike Richards and loses puck.
8:35 of 2nd period - Anton Volchenkov is hit by Mike Richards and loses puck.
8:53 of 2nd period - Antti Miettinen is hit by Mike Richards and loses puck.
9:43 of 2nd period - Shot by Michael Frolik.
9:43 of 2nd period - Stopped by Devan Dubnyk without a rebound.
9:44 of 2nd period - Michal Handzus wins face-off versus Kyle Brodziak in Flyers zone.
9:44 of 2nd period - Michal Handzus is hit by Kevin Bieksa.
10:10 of 2nd period - Shot by Dany Heatley.
10:10 of 2nd period - Goal by Dany Heatley - Flyers : 4 - Kings : 1.
10:11 of 2nd period - Ryan Nugent-Hopkins wins face-off versus Todd Bertuzzi in neutral zone.
10:13 of 2nd period - Vyacheslav Voynov is hit by Gabriel Bourque and loses puck.
10:17 of 2nd period - Daniel Alfredsson is hit by Carlo Colaiacovo and loses puck.
10:24 of 2nd period - Shot by Ryan Nugent-Hopkins.
10:24 of 2nd period - Stopped by Devan Dubnyk with a rebound.
10:36 of 2nd period - Shot by Ryan Nugent-Hopkins.
10:36 of 2nd period - Shot Misses the Net.
10:43 of 2nd period - Minor Penalty to Carlo Colaiacovo for Slashing.
10:44 of 2nd period - Dany Heatley wins face-off versus Mikhail Grabovski in Flyers zone.
11:05 of 2nd period - Shot by Daniel Alfredsson.
11:05 of 2nd period - Stopped by Devan Dubnyk without a rebound.
11:06 of 2nd period - Ryan Nugent-Hopkins wins face-off versus Dany Heatley in Flyers zone.
11:06 of 2nd period - Vyacheslav Voynov is hit by Kevin Bieksa and loses puck.
11:53 of 2nd period - Shot by Tobias Enstrom.
11:53 of 2nd period - Stopped by Devan Dubnyk with a rebound.
11:55 of 2nd period - Shot by Tobias Enstrom.
11:55 of 2nd period - Goal by Tobias Enstrom - Flyers : 4 - Kings : 2.
11:56 of 2nd period - Mikhail Grabovski wins face-off versus Kyle Brodziak in neutral zone.
12:09 of 2nd period - Shot by Mikhail Grabovski.
12:09 of 2nd period - Stopped by Devan Dubnyk without a rebound.
12:10 of 2nd period - Todd Bertuzzi wins face-off versus Michal Handzus in Flyers zone.
12:27 of 2nd period - Shot by Gabriel Bourque.
12:27 of 2nd period - Shot Misses the Net.
12:59 of 2nd period - Jamie McBain is hit by Mark Stuart and loses puck.
13:14 of 2nd period - Shot by Dany Heatley.
13:14 of 2nd period - Shot Misses the Net.
13:16 of 2nd period - Shot by Justin Williams.
13:16 of 2nd period - Stopped by Jacob Markstrom without a rebound.
13:17 of 2nd period - David Steckel wins face-off versus Wojtek Wolski in Kings zone.
13:30 of 2nd period - Shot by Jack Skille.
13:30 of 2nd period - Shot Misses the Net.
13:38 of 2nd period - Shot by Jack Skille.
13:38 of 2nd period - Shot Blocked by Joe Corvo.
13:40 of 2nd period - Shot by Kevin Bieksa.
13:40 of 2nd period - Shot Misses the Net.
13:42 of 2nd period - Shot by Kevin Bieksa.
13:42 of 2nd period - Shot Blocked by Mike Richards.
13:44 of 2nd period - Shot by Dainius Zubrus.
13:44 of 2nd period - Shot Misses the Net.
13:46 of 2nd period - Shot by Dainius Zubrus.
13:46 of 2nd period - Shot Misses the Net.
13:55 of 2nd period - Minor Penalty to Tobias Enstrom for Interference.
13:56 of 2nd period - Kyle Brodziak wins face-off versus Michael Frolik in Kings zone.
13:59 of 2nd period - Shot by Anton Volchenkov.
13:59 of 2nd period - Stopped by Jacob Markstrom without a rebound.
14:00 of 2nd period - Kyle Brodziak wins face-off versus Nail Yakupov in Kings zone.
14:03 of 2nd period - Shot by Kyle Brodziak.
14:03 of 2nd period - Stopped by Jacob Markstrom without a rebound.
14:04 of 2nd period - Kyle Brodziak wins face-off versus Nail Yakupov in Kings zone.
14:13 of 2nd period - Shot by Justin Williams.
14:13 of 2nd period - Deflect By Dany Heatley.
14:13 of 2nd period - Stopped by Jacob Markstrom without a rebound.
14:14 of 2nd period - Kyle Brodziak wins face-off versus Nail Yakupov in Kings zone.
14:26 of 2nd period - Off-side.
14:27 of 2nd period - Kyle Okposo wins face-off versus Nail Yakupov in neutral zone.
14:42 of 2nd period - Shot by Joni Pitkanen.
14:42 of 2nd period - Goal by Joni Pitkanen - Flyers : 5 - Kings : 2.
14:42 of 2nd period - Steve Mason enters game.
14:43 of 2nd period - Kyle Brodziak wins face-off versus Ryan Nugent-Hopkins in neutral zone.
14:48 of 2nd period - Icing by Ryan Smyth.
14:49 of 2nd period - Ryan Nugent-Hopkins wins face-off versus Kyle Brodziak in Kings zone.
15:10 of 2nd period - Shot by Justin Williams.
15:10 of 2nd period - Shot Blocked by Joe Corvo.
15:12 of 2nd period - Shot by Joni Pitkanen.
15:12 of 2nd period - Shot Blocked by Tobias Enstrom.
15:14 of 2nd period - Shot by Dany Heatley.
15:14 of 2nd period - Shot Misses the Net.
15:16 of 2nd period - Shot by Dany Heatley.
15:16 of 2nd period - Stopped by Steve Mason with a rebound.
15:18 of 2nd period - Shot by Kyle Brodziak.
15:18 of 2nd period - Shot Blocked by Tobias Enstrom.
15:39 of 2nd period - Icing by Joe Corvo.
15:40 of 2nd period - Todd Bertuzzi wins face-off versus Ryan Smyth in Kings zone.
15:40 of 2nd period - Todd Bertuzzi is hit by Joe Corvo.
15:46 of 2nd period - Shot by Gabriel Bourque.
15:46 of 2nd period - Goal by Gabriel Bourque - Flyers : 6 - Kings : 2.
15:47 of 2nd period - Wojtek Wolski wins face-off versus Todd Bertuzzi in neutral zone.
15:56 of 2nd period - Shot by Mike Richards.
15:56 of 2nd period - Shot Blocked by Anton Volchenkov.
15:58 of 2nd period - Shot by Nail Yakupov.
15:58 of 2nd period - Deflect By Mike Richards.
15:58 of 2nd period - Shot Misses the Net.
16:00 of 2nd period - Shot by Nail Yakupov.
16:00 of 2nd period - Stopped by Devan Dubnyk without a rebound.
16:01 of 2nd period - David Steckel wins face-off versus Mikhail Grabovski in Flyers zone.
16:01 of 2nd period - David Steckel is hit by Dustin Penner.
16:10 of 2nd period - Shot by Jack Skille.
16:10 of 2nd period - Deflect By David Steckel.
16:10 of 2nd period - Stopped by Steve Mason without a rebound.
16:11 of 2nd period - Wojtek Wolski wins face-off versus Kyle Brodziak in Kings zone.
16:11 of 2nd period - Wojtek Wolski is hit by Kyle Brodziak.
16:22 of 2nd period - Nail Yakupov is hit by Mark Stuart and loses puck.
16:38 of 2nd period - Shot by Nail Yakupov.
16:38 of 2nd period - Shot Blocked by Mark Stuart.
16:56 of 2nd period - Icing by Vyacheslav Voynov.
16:57 of 2nd period - Wojtek Wolski wins face-off versus Todd Bertuzzi in Kings zone.
17:04 of 2nd period - Shot by Justin Faulk.
17:04 of 2nd period - Goal by Justin Faulk - Flyers : 6 - Kings : 3.
17:05 of 2nd period - Todd Bertuzzi wins face-off versus Ryan Nugent-Hopkins in neutral zone.
17:12 of 2nd period - Robyn Regehr is hit by Kyle Okposo and loses puck.
18:13 of 2nd period - Todd Bertuzzi is hit by Vyacheslav Voynov and loses puck.
18:55 of 2nd period - Justin Williams is hit by Vyacheslav Voynov and loses puck.
19:26 of 2nd period - Dainius Zubrus is hit by Vyacheslav Voynov and loses puck.
19:31 of 2nd period - Shot by Jack Skille.
19:31 of 2nd period - Shot Misses the Net.
19:35 of 2nd period - Shot by Jack Skille.
19:35 of 2nd period - Stopped by Steve Mason without a rebound.
19:36 of 2nd period - Eric Belanger wins face-off versus Wojtek Wolski in Kings zone.
Goals for this period are 4 for Flyers vs 3 for Kings.
Shots for this period are 11 for Flyers vs 18 for Kings.

3rd period


0:01 of 3rd period - Wojtek Wolski wins face-off versus Todd Bertuzzi in neutral zone.
0:11 of 3rd period - Mike Richards is hit by Kevin Bieksa and loses puck.
0:34 of 3rd period - Shot by Nail Yakupov.
0:34 of 3rd period - Shot Misses the Net.
0:36 of 3rd period - Shot by Joe Corvo.
0:36 of 3rd period - Stopped by Devan Dubnyk without a rebound.
0:37 of 3rd period - Kyle Brodziak wins face-off versus Ryan Nugent-Hopkins in Flyers zone.
0:37 of 3rd period - Kyle Brodziak is hit by Ryan Nugent-Hopkins.
0:47 of 3rd period - Shot by Kyle Brodziak.
0:47 of 3rd period - Stopped by Steve Mason with a rebound.
0:58 of 3rd period - Daniel Alfredsson is hit by Mark Stuart and loses puck.
1:06 of 3rd period - Icing by Anton Volchenkov.
1:07 of 3rd period - Michal Handzus wins face-off versus Kyle Brodziak in Flyers zone.
1:27 of 3rd period - Icing by Anton Volchenkov.
1:28 of 3rd period - Wojtek Wolski wins face-off versus Kyle Brodziak in Flyers zone.
1:51 of 3rd period - Shot by Mike Richards.
1:51 of 3rd period - Shot Misses the Net.
2:24 of 3rd period - Shot by Kyle Okposo.
2:24 of 3rd period - Shot Misses the Net.
2:50 of 3rd period - Shot by Jack Skille.
2:50 of 3rd period - Stopped by Steve Mason without a rebound.
2:51 of 3rd period - Ryan Nugent-Hopkins wins face-off versus Eric Belanger in Kings zone.
3:27 of 3rd period - Shot by Eric Belanger.
3:27 of 3rd period - Shot Misses the Net.
4:24 of 3rd period - Shot by Michael Frolik.
4:24 of 3rd period - Shot Misses the Net.
4:26 of 3rd period - Shot by Michael Frolik.
4:26 of 3rd period - Shot Misses the Net.
4:58 of 3rd period - Shot by Guillaume Latendresse.
4:58 of 3rd period - Shot Blocked by Joni Pitkanen.
5:22 of 3rd period - Shot by Kyle Okposo.
5:22 of 3rd period - Shot Blocked by Vyacheslav Voynov.
5:49 of 3rd period - Shot by Gabriel Bourque.
5:49 of 3rd period - Stopped by Steve Mason without a rebound.
5:50 of 3rd period - David Steckel wins face-off versus Wojtek Wolski in Kings zone.
5:58 of 3rd period - Minor Penalty to Mark Stuart for Slashing.
5:59 of 3rd period - Ryan Nugent-Hopkins wins face-off versus Eric Belanger in Flyers zone.
6:08 of 3rd period - Shot by Mike Richards.
6:08 of 3rd period - Shot Misses the Net.
6:34 of 3rd period - Shot by Ryan Nugent-Hopkins.
6:34 of 3rd period - Stopped by Devan Dubnyk without a rebound.
6:35 of 3rd period - Mikhail Grabovski wins face-off versus Eric Belanger in Flyers zone.
6:46 of 3rd period - Shot by Daniel Alfredsson.
6:46 of 3rd period - Shot Misses the Net.
6:48 of 3rd period - Shot by Mikhail Grabovski.
6:48 of 3rd period - Stopped by Devan Dubnyk without a rebound.
6:49 of 3rd period - Ryan Nugent-Hopkins wins face-off versus Eric Belanger in Flyers zone.
6:50 of 3rd period - Shot by Mike Richards.
6:50 of 3rd period - Stopped by Devan Dubnyk without a rebound.
6:51 of 3rd period - Eric Belanger wins face-off versus Ryan Nugent-Hopkins in Flyers zone.
8:16 of 3rd period - Todd Bertuzzi is hit by Robyn Regehr and loses puck.
8:22 of 3rd period - Gabriel Bourque is hit by Robyn Regehr and loses puck.
8:46 of 3rd period - Robyn Regehr is hit by Gabriel Bourque and loses puck.
8:54 of 3rd period - Icing by Robyn Regehr.
8:55 of 3rd period - Michal Handzus wins face-off versus Kyle Brodziak in Kings zone.
8:55 of 3rd period - Michal Handzus is hit by Kyle Brodziak.
10:06 of 3rd period - Dainius Zubrus is hit by Joe Corvo and loses puck.
10:58 of 3rd period - Off-side.
10:59 of 3rd period - Dustin Penner wins face-off versus Todd Bertuzzi in neutral zone.
11:11 of 3rd period - Shot by Mikhail Grabovski.
11:11 of 3rd period - Shot Hit the Post.
11:33 of 3rd period - Shot by Michael Frolik.
11:33 of 3rd period - Stopped by Devan Dubnyk without a rebound.
11:34 of 3rd period - Kyle Brodziak wins face-off versus Ryan Nugent-Hopkins in Flyers zone.
11:34 of 3rd period - Justin Williams is hit by Ryan Smyth and loses puck.
11:43 of 3rd period - Shot by Daniel Alfredsson.
11:43 of 3rd period - Stopped by Devan Dubnyk with a rebound.
11:45 of 3rd period - Shot by Daniel Alfredsson.
11:45 of 3rd period - Stopped by Devan Dubnyk without a rebound.
11:46 of 3rd period - Ryan Nugent-Hopkins wins face-off versus Dainius Zubrus in Flyers zone.
11:47 of 3rd period - Shot by Daniel Alfredsson.
11:47 of 3rd period - Stopped by Devan Dubnyk without a rebound.
11:48 of 3rd period - Ryan Nugent-Hopkins wins face-off versus Kyle Brodziak in Flyers zone.
11:49 of 3rd period - Shot by Ryan Smyth.
11:49 of 3rd period - Shot Misses the Net.
12:05 of 3rd period - Shot by Ryan Nugent-Hopkins.
12:05 of 3rd period - Shot Misses the Net.
12:09 of 3rd period - Shot by Ryan Nugent-Hopkins.
12:09 of 3rd period - Shot Blocked by Kevin Bieksa.
12:47 of 3rd period - Icing by Tobias Enstrom.
12:48 of 3rd period - Todd Bertuzzi wins face-off versus Wojtek Wolski in Kings zone.
12:48 of 3rd period - Kyle Okposo is hit by Robyn Regehr and loses puck.
13:01 of 3rd period - Shot by Kyle Okposo.
13:01 of 3rd period - Deflect By Gabriel Bourque.
13:01 of 3rd period - Stopped by Steve Mason with a rebound.
13:17 of 3rd period - Minor Penalty to Kyle Okposo for Cross-checking.
13:18 of 3rd period - Mikhail Grabovski wins face-off versus Eric Belanger in Flyers zone.
13:27 of 3rd period - Shot by Michael Frolik.
13:27 of 3rd period - Shot Misses the Net.
13:35 of 3rd period - Shot by Daniel Alfredsson.
13:35 of 3rd period - Stopped by Devan Dubnyk without a rebound.
13:36 of 3rd period - Ryan Nugent-Hopkins wins face-off versus Eric Belanger in Flyers zone.
13:45 of 3rd period - Shot by Ryan Nugent-Hopkins.
13:45 of 3rd period - Stopped by Devan Dubnyk without a rebound.
13:46 of 3rd period - Eric Belanger wins face-off versus Mikhail Grabovski in Flyers zone.
13:52 of 3rd period - Icing by Vyacheslav Voynov.
13:53 of 3rd period - Eric Belanger wins face-off versus Mikhail Grabovski in Kings zone.
14:12 of 3rd period - Shot by Mikhail Grabovski.
14:12 of 3rd period - Stopped by Devan Dubnyk without a rebound.
14:13 of 3rd period - Ryan Nugent-Hopkins wins face-off versus Eric Belanger in Flyers zone.
14:18 of 3rd period - Shot by Nail Yakupov.
14:18 of 3rd period - Shot Blocked by Anton Volchenkov.
14:20 of 3rd period - Shot by Daniel Alfredsson.
14:20 of 3rd period - Stopped by Devan Dubnyk without a rebound.
14:21 of 3rd period - Mikhail Grabovski wins face-off versus Eric Belanger in Flyers zone.
14:22 of 3rd period - Shot by Tobias Enstrom.
14:22 of 3rd period - Shot Blocked by Kevin Bieksa.
14:35 of 3rd period - Off-side.
14:36 of 3rd period - Eric Belanger wins face-off versus Ryan Nugent-Hopkins in neutral zone.
15:25 of 3rd period - Shot by Gabriel Bourque.
15:25 of 3rd period - Stopped by Steve Mason without a rebound.
15:26 of 3rd period - Todd Bertuzzi wins face-off versus Mikhail Grabovski in Kings zone.
15:27 of 3rd period - Shot by Kyle Okposo.
15:27 of 3rd period - Shot Blocked by Tobias Enstrom.
16:47 of 3rd period - Vyacheslav Voynov is hit by Mark Stuart and loses puck.
17:32 of 3rd period - Minor Penalty to Mark Stuart for Holding.
17:33 of 3rd period - Eric Belanger wins face-off versus Mikhail Grabovski in Flyers zone.
18:00 of 3rd period - Shot by Joe Corvo.
18:00 of 3rd period - Stopped by Devan Dubnyk with a rebound.
18:02 of 3rd period - Shot by Joe Corvo.
18:02 of 3rd period - Stopped by Devan Dubnyk without a rebound.
18:03 of 3rd period - R.J. Umberger wins face-off versus Ryan Nugent-Hopkins in Flyers zone.
18:21 of 3rd period - Shot by Daniel Alfredsson.
18:21 of 3rd period - Shot Misses the Net.
18:23 of 3rd period - Shot by Daniel Alfredsson.
18:23 of 3rd period - Stopped by Devan Dubnyk without a rebound.
18:24 of 3rd period - Dany Heatley wins face-off versus Ryan Nugent-Hopkins in Flyers zone.
18:50 of 3rd period - Ryan Nugent-Hopkins is hit by Anton Volchenkov.
19:23 of 3rd period - Off-side.
19:24 of 3rd period - Ryan Nugent-Hopkins wins face-off versus Eric Belanger in neutral zone.
19:41 of 3rd period - Shot by Mikhail Grabovski.
19:41 of 3rd period - Deflect By Dustin Penner.
19:41 of 3rd period - Stopped by Devan Dubnyk with a rebound.
19:43 of 3rd period - Shot by Robyn Regehr.
19:43 of 3rd period - Stopped by Devan Dubnyk without a rebound.
19:44 of 3rd period - Kyle Brodziak wins face-off versus Michal Handzus in Flyers zone.
19:57 of 3rd period - Shot by Kyle Brodziak.
19:57 of 3rd period - Stopped by Steve Mason without a rebound.
19:58 of 3rd period - Todd Bertuzzi wins face-off versus Wojtek Wolski in Kings zone.
Goals for this period are 0 for Flyers vs 0 for Kings.
Shots for this period are 6 for Flyers vs 17 for Kings.


Output by the SimonT Hockey Simulator (STHS) for Stephane Roy -- Original Page W3C XHTML 1.0 Valid
Hockey Simulator - Hockey Simulation - Hockey Manager